 Dungeon Crawl Stone Soup version 0.28-a0-1565-g95a8017c83 (webtiles) character file.

Game seed: 12711661627042425707

154 sanka the Conjurer (level 5, 0/37 HPs)
             Began as a Gnoll Conjurer on Jan 19, 2022.
             Slain by a gnoll shaman (11 damage)
             ... on level 2 of the Dungeon.
             The game lasted 00:03:23 (2312 turns).

sanka the Conjurer (Gnoll Conjurer)                 Turns: 2312, Time: 00:03:23

Health: 0/37       AC:  2    Str:  7    XL:     5   Next: 36%
Magic:  0/12       EV: 13    Int: 19    God:
Gold:   70         SH:  0    Dex: 10    Spells: 11/14 levels left

rFire   . . .      SeeInvis .   h - +2 hunting sling (flame)
rCold   . . .      Faith    .   (no shield)
rNeg    . . .      Spirit   .   a - +0 robe
rPois   +          Reflect  .   (no helmet)
rElec   .          Harm     .   (no cloak)
rCorr   .          Rampage  .   (no gloves)
Will    .....                   (no boots)
Stlth   ++........              (no amulet)
HPRegen 0.12/turn               (no ring)
MPRegen 0.13/turn               f - ring of poison resistance

@: no status effects
A: fangs 1, strong nose, distributed training
a: no special abilities


You were on level 2 of the Dungeon.
You visited 1 branch of the dungeon, and saw 3 of its levels.

You collected 70 gold pieces.


Innate Abilities, Weirdness & Mutations

You have very sharp teeth.
Your uncanny sense of smell can sniff out nearby items.
Your experience applies equally to all skills.


   Skills:
 + Level 1.4 Fighting
 + Level 1.4 Short Blades
 + Level 1.4 Long Blades
 + Level 1.4 Axes
 + Level 1.4 Maces & Flails
 + Level 1.4 Polearms
 + Level 1.4 Staves
 + Level 1.4 Slings
 + Level 1.4 Bows
 + Level 1.4 Crossbows
 + Level 1.4 Throwing
 + Level 1.4 Armour
 + Level 4.8 Dodging
 + Level 4.4 Stealth
 + Level 1.4 Shields
 + Level 1.4 Unarmed Combat
 + Level 5.2 Spellcasting
 + Level 7.2 Conjurations
 + Level 1.1 Hexes
 + Level 1.1 Summonings
 + Level 1.1 Necromancy
 + Level 1.1 Translocations
 + Level 1.1 Transmutations
 + Level 1.1 Fire Magic
 + Level 1.1 Ice Magic
 + Level 1.1 Air Magic
 + Level 1.1 Earth Magic
 + Level 1.1 Poison Magic
 + Level 1.6 Invocations
 + Level 1.4 Evocations


You had 11 spell levels left.
You knew the following spells:

 Your Spells              Type           Power      Damage    Failure   Level
x - Searing Ray           Conj           64%        2d6       1%          2
z - Magic Dart            Conj           100%       1d8       1%          1

Your spell library contained the following spells:

 Spells                   Type           Power      Damage    Failure   Level
 Dazzling Flash           Conj/Hex       40%        N/A       6%          3
 Fulminant Prism          Conj/Hex       10%        3d9       22%         4
 Iskenderun's Mystic Bla  Conj/Tloc      20%        2d6       22%         4

Inventory:

Hand Weapons
 h - a +2 hunting sling of flaming (weapon)
 k - a +0 flail
Missiles
 i - 30 sling bullets (quivered ammo)
Armour
 a - a +0 robe (worn)
Jewellery
 f - a ring of poison resistance (right hand)
Scrolls
 b - a scroll of holy word {unknown}
 e - a scroll of torment {unknown}
 g - 2 scrolls of blinking {unknown}
 j - a scroll of noise {unknown}
Potions
 c - 2 potions of curing {unknown}
 d - a potion of flight {unknown}

Dungeon Overview and Level Annotations

Branches:
Dungeon (3/15)

Altars:
Trog

▒▒▒▒▒▒▒▒▒▒ ▒▒▒▒▒
▒........▒ ▒...▒▒▒▒
▒........▒ ▒......▒
▒........▒
▒▒......▒▒▒▒▒▒▒▒▒........▒
....._..........g........▒
▒▒▒.....▒▒▒▒▒..g▒........▒
▒ ▒.....▒.....▒▒▒........▒
▒ ▒▒▒.▒...▒.▒.▒ ▒▒▒▒▒▒▒▒▒▒
▒ ▒....▒▒.▒.▒ ▒
▒▒.▒▒▒▒...▒ ▒ ▒..▒....▒▒▒
▒▒▒▒ ▒ ▒▒▒.▒▒.▒▒.▒ ▒..▒
▒...▒▒.▒▒.▒ ▒▒▒..▒


You could see a gnoll shaman.


Message History

The searing ray hits the giant cockroach.
You kill the giant cockroach!
The searing ray hits the gnoll.
The gnoll is heavily wounded.
The searing ray hits the gnoll shaman.
The gnoll shaman is heavily wounded.
The gnoll shaman calls upon its god to heal the gnoll.
The gnoll is healed somewhat.
The searing ray hits the gnoll shaman.
The gnoll shaman is heavily wounded.
You finish channelling your searing ray.
The gnoll shaman completely misses you.
Aiming: Searing Ray (safe; 1% risk of failure)
Aim: a gnoll shaman, wielding a +0 club and wearing a +0 leather armour (heavily wounded, 83% to hit)
The searing ray hits the gnoll shaman.
The gnoll shaman is severely wounded. (Press . to maintain the ray.)
The gnoll shaman hits you with a +0 club!
The gnoll shaman hits you with a +0 club!
* * * LOW HITPOINT WARNING * * *
You climb upwards.
There is a stone staircase leading down here.
Unknown command.
You shoot a sling bullet.
The sling bullet closely misses the gnoll shaman.
The gnoll shaman closely misses you.
You shoot a sling bullet.
The sling bullet closely misses the gnoll shaman.
The gnoll shaman hits you with a +0 club!
You die...

Action                   |  1- 3 |  4- 6 || total
-------------------------+-------+-------++-------
 Fire: Hunting sling     |    31 |    11 ||    42
 Cast: Magic Dart        |    36 |    35 ||    71
       Searing Ray       |       |     5 ||     5
Armor: Robe              |     1 |     2 ||     3
Dodge: Dodged            |     4 |    15 ||    19

Levels and vault maps discovered:
D:1:      dpeg_arrival_three_smaller_balls, layout_basic, serial_bayou,
          serial_bayou_lagoon_a, serial_bayou_ford_a, serial_bayou_pond_a,
          serial_bayou_shore_a
D:2:      layout_rooms, basic_altar, shapermc_ecumenical_altar_starsandcircs
D:3:      layout_rooms, nicolae_gozag_cash_rules_everything_around_me,
          uniq_sigmund

Notes
Turn   | Place    | Note
-------+----------+-------------------------------------------
     0 | D:1      | sanka the Gnoll Conjurer began the quest for the Orb.
     0 | D:1      | Reached XP level 1. HP: 13/13 MP: 6/6
   251 | D:1      | Reached XP level 2. HP: 19/19 MP: 5/7
   627 | D:1      | Learned a level 2 spell: Searing Ray
  1257 | D:2      | Reached skill level 5 in Spellcasting
  1257 | D:2      | Reached XP level 3. HP: 25/25 MP: 3/9
  1351 | D:2      | Reached skill level 1 in Invocations
  1465 | D:2      | Reached skill level 1 in Fighting
  1465 | D:2      | Reached skill level 1 in Short Blades
  1465 | D:2      | Reached skill level 1 in Long Blades
  1465 | D:2      | Reached skill level 1 in Axes
  1465 | D:2      | Reached skill level 1 in Maces & Flails
  1465 | D:2      | Reached skill level 1 in Polearms
  1465 | D:2      | Reached skill level 1 in Staves
  1465 | D:2      | Reached skill level 1 in Slings
  1465 | D:2      | Reached skill level 1 in Bows
  1465 | D:2      | Reached skill level 1 in Crossbows
  1465 | D:2      | Reached skill level 1 in Throwing
  1465 | D:2      | Reached skill level 1 in Armour
  1465 | D:2      | Reached skill level 1 in Shields
  1465 | D:2      | Reached skill level 1 in Unarmed Combat
  1465 | D:2      | Reached skill level 1 in Evocations
  1514 | D:2      | Found a bloodstained altar of Trog.
  1546 | D:2      | Reached XP level 4. HP: 32/32 MP: 11/11
  1732 | D:2      | Found a faded altar of an unknown god.
  2055 | D:2      | Reached skill level 1 in Hexes
  2055 | D:2      | Reached skill level 1 in Summonings
  2055 | D:2      | Reached skill level 1 in Necromancy
  2055 | D:2      | Reached skill level 1 in Translocations
  2055 | D:2      | Reached skill level 1 in Transmutations
  2055 | D:2      | Reached skill level 1 in Fire Magic
  2055 | D:2      | Reached skill level 1 in Ice Magic
  2055 | D:2      | Reached skill level 1 in Air Magic
  2055 | D:2      | Reached skill level 1 in Earth Magic
  2055 | D:2      | Reached skill level 1 in Poison Magic
  2301 | D:3      | Reached XP level 5. HP: 37/37 MP: 9/12
  2312 | D:2      | Slain by a gnoll shaman

Vanquished Creatures
  An orc wizard (D:3)
  4 gnolls
  3 adders (D:2)
  2 worms (D:2)
  A dart slug (D:2)
  3 orcs (D:3)
  6 bats
  4 endoplasms
  A giant cockroach (D:3)
  2 goblins (D:1)
  4 hobgoblins
  5 jackals (D:2)
  6 kobolds
  5 ball pythons
  4 frilled lizards
  4 rats
55 creatures vanquished.
